 Dungeon Crawl Stone Soup version 0.20.1-1-g8b1a95d (console) character file.

337 hilaritas the Magician (level 6, -1/36 HPs)
             Began as an Octopode Conjurer on Sept 24, 2017.
             Slain by a gnoll
             ... wielding a +0 flail
              (9 damage)
             ... on level 3 of the Dungeon.
             The game lasted 00:07:29 (2826 turns).

hilaritas the Magician (Octopode Conjurer)          Turns: 2826, Time: 00:07:30

Health: -1/36      AC:  1    Str:  8    XL:     6   Next: 54%
Magic:  5/14       EV: 13    Int: 19    God:
Gold:   138        SH:  0    Dex: 12    Spells: 9/16 levels left

rFire    . . .     SeeInvis .   h - +1 dagger (venom)
rCold    . . .     Gourm    .   (no shield)
rNeg     . . .     Faith    .   (helmet restricted)
rPois    .         Spirit   .   (no amulet)
rElec    .         Reflect  .   (no ring)
rCorr    .         Harm     .   (no ring)
MR       .....                  (no ring)
Stlth    +++.......             (no ring)
Regen    0.2/turn               (no ring)
MPRegen  0.2/turn               (no ring)
                                (no ring)
                                (no ring)

@: no status effects
A: almost no armour, stealthy swim, amphibious, 8 rings, constrict 8, camouflage
1, gelatinous body 1
a: no special abilities


You were on level 3 of the Dungeon.
You were hungry.

You visited 1 branch of the dungeon, and saw 3 of its levels.

You collected 138 gold pieces.

Inventory:

Hand Weapons
 h - a +1 dagger of venom (weapon)
Missiles
 q - 21 arrows
Jewellery
 f - an uncursed ring of fire {unknown}
Scrolls
 d - a scroll of noise {unknown}
 i - a scroll of fog {unknown}
 j - 2 scrolls of remove curse {unknown}
 k - a scroll of enchant weapon {unknown}
 n - a scroll of recharging {unknown}
Potions
 e - a potion of ambrosia {unknown}
 l - 3 potions of lignification {unknown}
 p - 2 potions of brilliance {unknown}
Books
 a - a book of Conjurations

   Spells                             Type                      Level
   a - Magic Dart                     Conjuration                  1
   b - Searing Ray                    Conjuration                  2
   c - Dazzling Spray                 Conjuration/Hexes            3
   d - Fulminant Prism                Conjuration/Hexes            4
   e - Force Lance                    Conjuration/Translocation    4
   f - Iskenderun's Mystic Blast      Conjuration                  4
Comestibles
 b - 3 bread rations
 c - a fruit
 g - a meat ration
 m - 2 royal jellies
 o - a chunk of flesh


   Skills:
 - Level 2.0 Dodging
 - Level 2.6 Stealth
 * Level 5.5 Spellcasting
 - Level 5.0 Conjurations


You had 9 spell levels left.
You knew the following spells:

 Your Spells              Type           Power        Failure   Level  Hunger
a - Magic Dart            Conj           ###.         1%          1    None
b - Searing Ray           Conj           ###...       2%          2    None
c - Iskenderun's Mystic   Conj           ###.....     14%         4    ####...


Dungeon Overview and Level Annotations

Branches:
Dungeon (3/15)

Altars:
Cheibriados
Okawaru


Innate Abilities, Weirdness & Mutations

You cannot wear most types of armour.
You are very stealthy in the water. (Stealth+)
You are amphibious.
You can wear up to eight rings at the same time.
You can use your tentacles to constrict eight enemies at once.
Your skin changes colour to match your surroundings (Stealth+).
Your rubbery body absorbs attacks. (AC +1, EV +1)


Message History

The magic dart hits the gnoll.
The gnoll is heavily wounded.
The gnoll closely misses you. The gnoll barely misses you.
The gnoll hits you but does no damage.
You are feeling hungry.
The gnoll hits you with a flail. The gnoll misses you.
You barely miss the gnoll. Your grab misses the gnoll.
Your squeeze misses the gnoll. The gnoll hits you with a flail!
The gnoll hits you from afar with a halberd!
* * * LOW HITPOINT WARNING * * *
You hit the gnoll but do no damage.
The gnoll is poisoned.
You grab the gnoll.
You constrict the gnoll, but do no damage.
The gnoll closely misses you.
The gnoll hits you from afar with a halberd.
* * * LOW HITPOINT WARNING * * *
You hit the gnoll.
The gnoll looks even sicker.
The gnoll is moderately wounded.
You constrict the gnoll. The gnoll hits you with a flail!
You die...

.....#. ... .....#.#...
#.....##.# #...#.##.####
#......#.... #.........#
#......#..#####
..###.........gg@.#
...........#..#####
..###.........#
.....##.......#######
.#.................#
#.................#
#..##..#..........#
#.................#
####.##.............#############
.....)...........................
≈≈≈≈≈≈.†..≈≈≈≈≈≈≈≈≈≈≈≈≈≈≈≈≈≈≈...P


You could see 2 gnolls.

Vanquished Creatures
  Sigmund (D:2)
  Terence (D:2)
  8 gnolls
  An adder (D:2)
  An ooze (D:2)
  3 dart slugs
  A giant cockroach (D:1)
  5 goblins
  7 hobgoblins
  19 jackals
  3 quokkas (D:2)
  2 bats
  3 frilled lizards
  4 kobolds
  6 rats
65 creatures vanquished.

Notes
Turn   | Place    | Note
-------+----------+-------------------------------------------
     0 | D:1      | hilaritas the Octopode Conjurer began the quest for the Orb.
     0 | D:1      | Reached XP level 1. HP: 11/11 MP: 3/3
    86 | D:1      | Reached XP level 2. HP: 11/17 MP: 0/5
   139 | D:1      | Learned a level 2 spell: Searing Ray
   922 | D:1      | Reached XP level 3. HP: 17/21 MP: 0/6
  1206 | D:2      | Reached skill level 5 in Conjurations
  1337 | D:2      | Found an iron altar of Okawaru.
  1433 | D:2      | Reached XP level 4. HP: 27/27 MP: 0/8
  1544 | D:2      | Noticed Sigmund
  1554 | D:2      | Killed Sigmund
  1554 | D:2      | Reached XP level 5. HP: 14/31 MP: 1/12
  1554 | D:2      | Reached XP level 6. HP: 16/36 MP: 1/13
  1731 | D:2      | Learned a level 4 spell: Iskenderun's Mystic Blast
  1755 | D:2      | Noticed Terence
  1759 | D:2      | Killed Terence
  1759 | D:2      | Reached skill level 5 in Spellcasting
  1840 | D:2      | Found a snail-covered altar of Cheibriados.
  2826 | D:3      | Slain by a gnoll

Skill      XL: |  1  2  3  4  5  6 |
---------------+-------------------+-----
Conjurations   | 5 |  5.0
Spellcasting   | 4 5 |  5.5
Dodging        | |  2.0
Stealth        | |  2.6

Action                   |  1- 3 |  4- 6 || total
-------------------------+-------+-------++-------
Melee: Unarmed           |     6 |       ||     6
       Constrict         |     7 |    11 ||    18
       Dagger            |    13 |    23 ||    36
       Tentacles         |     1 |     3 ||     4
 Cast: Magic Dart        |    45 |    67 ||   112
       Searing Ray       |     1 |     6 ||     7
  Eat: Chunk             |     2 |     4 ||     6
Armor: Skin              |     2 |       ||     2
Dodge: Dodged            |    16 |    25 ||    41
